 Dungeon Crawl Stone Soup version 0.30-a0-596-g0af90f9a20 (webtiles) character file.

Game seed: 13452289159949698396

14 flotson the Sneak (level 2, -1/24 HPs)
             Began as a Demonspawn Delver on Jan 7, 2023.
             Slain by an adder (2 damage)
             ... on level 4 of the Dungeon.
             The game lasted 00:01:38 (283 turns).

flotson the Sneak (Demonspawn Delver)                Turns: 283, Time: 00:01:39

Health: -1/24      AC:  3    Str: 12    XL:     2   Next: 27%
Magic:  2/2        EV: 12    Int: 11    God:
Gold:   21         SH:  0    Dex: 14    Spells: 1/1 levels left

rFire   . . .      SeeInvis .    a - +0 hand axe
rCold   . . .      Faith    .    (no shield)
rNeg    . . .      Spirit   .    b - +0 leather armour
rPois   .          Reflect  .    (no helmet)
rElec   .          Harm     .    (no cloak)
rCorr   .          Rampage  .    (no gloves)
Will    .....                    (no boots)
Stlth   +++                      (no amulet)
HPRegen 0.24/turn                (no ring)
MPRegen 0.08/turn                (no ring)

@: lethally poisoned (-1 -> -5)
A: sturdy frame 1
a: no special abilities


You were on level 4 of the Dungeon.
You visited 1 branch of the dungeon, and saw 2 of its levels.

You collected 21 gold pieces.

Inventory:

Hand Weapons
 a - a +0 hand axe (weapon)
Armour
 b - a +0 leather armour (worn)
Wands
 g - a wand of digging (2)
Scrolls
 c - a scroll of fog
 d - a scroll of magic mapping
 e - a scroll of enchant weapon {unknown}
Potions
 f - a potion of haste


   Skills:
 + Level 3.1 Fighting
 + Level 1.9 Axes
 + Level 0.3 Armour
 + Level 1.9 Dodging
 + Level 4.6 Stealth
 + Level 0.7 Evocations


You had one spell level left.
You didn't know any spells.
Your spell library was empty.

Dungeon Overview and Level Annotations

Branches:
Dungeon (5/15)
 Temple: D:4-7

Altars:

Annotations:
D:4 1 runed translucent door, 1 transporter, Crazy Yiuf


Innate Abilities, Weirdness & Mutations

Your movements are slightly less encumbered by armour. (ER -2)


Message History

You hit the giant cockroach.
You kill the giant cockroach!
No target in view!
No target in view!
No target in view!
No target in view!
No target in view!
You see here a giant cockroach corpse.
An iguana comes into view.
Found a transporter.
Found 8 stones.
Found a mace.
You see here 8 stones.
The gnoll shouts!
You closely miss the adder. The adder misses you.
You closely miss the adder. The adder barely misses you. The adder bites you.
You hit the adder but do no damage. The adder barely misses you.
You barely miss the adder. The adder bites you.
You are poisoned.
The adder poisons you! The adder bites you.
You closely miss the adder.
You feel sick. The adder bites you. x2
You are more poisoned.
The adder poisons you!
You are too injured to fight recklessly!
You are too injured to fight recklessly!
You are too injured to fight recklessly!
You are too injured to fight recklessly!
You are too injured to fight recklessly!
You are too injured to fight recklessly!
You barely miss the adder.
You feel sick. The adder bites you.
You closely miss the adder.
You feel sick. The adder bites you.
* * * LOW HITPOINT WARNING * * *
The adder bites you.
* * * LOW HITPOINT WARNING * * *
You are lethally poisoned!
The adder poisons you!
You barely miss the adder.
* * * LOW HITPOINT WARNING * * *
You feel sick. The adder bites you.
You die...

# #.#8.≈≈..# .
..###≈≈..# #
## ...#≈≈..#
###.#.#.#≈≈..#
....#####≈≈..#
≈≈≈≈≈≈≈≈≈≈≈..#
≈≈≈≈≈≈≈≈≈≈≈..#
.........S...#
.........@...#
...###########
.


You could see an adder.

Vanquished Creatures
  An adder (D:4)
  3 giant cockroaches (D:4)
  A kobold (D:4)
5 creatures vanquished.

Vanquished Creatures (others)
  2 fungi (D:4)
2 creatures vanquished.

Grand Total: 7 creatures vanquished

Notes
Turn   | Place    | Note
-------+----------+-------------------------------------------
     0 | D:5      | flotson the Demonspawn Delver began the quest for the Orb.
     0 | D:5      | Reached XP level 1. HP: 18/18 MP: 1/1
     1 | D:5      | Noticed an orc wizard
     1 | D:5      | Noticed an orc priest
     3 | D:5      | Noticed a scorpion
     8 | D:5      | Noticed an orc warrior
    24 | D:4      | Noticed an ogre
    67 | D:4      | Found a runed translucent door.
    68 | D:4      | Noticed Crazy Yiuf
   103 | D:4      | Gained mutation: Your movements are slightly less
                  | encumbered by armour. (ER -2) [demonic ancestry]
   103 | D:4      | Reached XP level 2. HP: 9/24 MP: 2/2
   226 | D:4      | Found a transporter.
   240 | D:4      | Identified the +7 trident of Eveedgh {vamp, rF+ rCorr MP-9
                  | SInv}
   240 | D:4      | Noticed a gnoll sergeant
   283 | D:4      | HP: 1/24 [poisoned by an adder]
   283 | D:4      | Slain by an adder

Illustrated notes

Levels and vault maps discovered:
D:4:      layout_cave_pools, lemuel_round_altar,
          minmay_temple_entry_statues_fountains, gammafunk_ghost_gnarly_gnolls,
          uniq_crazy_yiuf_cottage, uniq_menkaure
D:5:      kennysheep_steamy, layout_cave_pools, chei_slow_surprise,
          serial_column_ruins, column_ruins_corridor_straight,
          column_ruins_grid_1, column_ruins_corridor_corner, uniq_edmund

Action                   || total
-------------------------++-------
Melee: Hand axe          ||    45
Evoke: Wand              ||     1
  Use: Scroll            ||     2
Armor: Leather armour    ||     6
Dodge: Dodged            ||    30

Table legend: (Time is in decaauts)
 A = Elapsed time spent in this place.
 B = Non-inter-level travel time spent in this place.
 C = Inter-level travel time spent in this place.
 D = Time resting spent in this place.
 E = Time spent auto-exploring this place.
 F = Levels seen in this place.
 G = Mean time per level.
                   A        B        C        D        E       F      G
               +--------+--------+--------+--------+--------+-----+--------+
         Total |    291 |    291 |      0 |     47 |     75 |   2 |  145.5 |
       Dungeon |    291 |    291 |      0 |     47 |     75 |   2 |  145.5 |
               +--------+--------+--------+--------+--------+-----+--------+

Top non-repeatable levels by time:
     D:4: 267 daAuts
     D:5: 24 daAuts
